 Dungeon Crawl Stone Soup version 0.29-a0-555-g3b24f45cc1 (webtiles) character file.

Game seed: 4169569137376807608

110775 Crownlay the Severer (level 16, -5/143 HPs)
             Began as a Hill Orc Fighter on June 7, 2022.
             Was a High Priest of Okawaru.
             Killed from afar by a manticore (16 damage)
             ... with a volley of spikes
             ... on level 1 of the Shoals.
             The game lasted 00:45:10 (30772 turns).

Crownlay the Severer (Hill Orc Fighter)            Turns: 30772, Time: 00:45:12

Health: -5/143     AC: 32    Str: 32    XL:     16   Next: 56%
Magic:  26/28      EV: 12    Int:  6    God:    Okawaru [*****.]
Gold:   1376       SH: 13    Dex: 10    Spells: 15/15 levels left

rFire   + + .      SeeInvis +   a - +7 broad axe (vorpal)
rCold   . . .      Faith    .   h - +0 kite shield
rNeg    . . .      Spirit   .   q - +4 plate armour {Will+}
rPois   .          Reflect  .   S - +2 helmet {SInv}
rElec   .          Harm     .   B - +2 cloak "Kasung" {rF+ Str+5}
rCorr   +          Rampage  .   p - +2 pair of gloves {infuse}
Will    ++...      Rnd*Tele +   (no boots)
Stlth   ..........              G - amulet of the acrobat
HPRegen 0.33/turn               b - ring of protection from fire
MPRegen 0.21/turn               K - ring of resist corrosion

@: heroic, spiked, very slow
A: deterioration 1, dopey 1, teleportitis 1
a: Renounce Religion, Heroism, Finesse, Duel


You were on level 1 of the Shoals.
You worshipped Okawaru.
Okawaru was extremely pleased with you.
You visited 5 branches of the dungeon, and saw 25 of its levels.
You also visited: Ice Cave.

You collected 2668 gold pieces.
You spent 1292 gold pieces at shops.

Inventory:

Hand Weapons
 a - a +7 vorpal broad axe (weapon)
 r - a +2 war axe of flaming
Missiles
 k - 3 boomerangs (quivered)
 m - 4 silver boomerangs
 s - 12 javelins
 C - 3 silver javelins
 R - 2 curare-tipped darts
Armour
 h - a +0 kite shield (worn)
 o - the +18 Lear's hauberk
   (You found it on level 2 of the Dungeon)
 p - a +2 pair of gloves of infusion (worn)
 q - a +4 plate armour of willpower (worn)
 B - the +2 cloak "Kasung" (worn) {rF+ Str+5}
   (You found it on level 11 of the Dungeon)

   Str:       It affects your strength (+5).
   rF:        It protects you from fire.
 S - a +2 helmet of see invisible (worn)
Jewellery
 b - a ring of protection from fire (left hand)
 G - an amulet of the acrobat (around neck)
 K - a ring of resist corrosion (right hand)
 M - a ring of willpower
 O - a ring of protection from fire
 T - a ring of protection from cold
Wands
 t - a wand of mindburst (4)
 v - a wand of acid (15)
 y - a wand of polymorph (23)
 H - a wand of flame (30)
 L - a wand of iceblast (5)
 N - a wand of paralysis (9)
 P - a wand of digging (4)
Scrolls
 e - 24 scrolls of teleportation
 f - 9 scrolls of fog
 g - 4 scrolls of amnesia
 i - 8 scrolls of fear
 u - 6 scrolls of identify
 w - 3 scrolls of silence
 x - 2 scrolls of magic mapping
 J - 3 scrolls of brand weapon
 X - 2 scrolls of blinking
Potions
 c - 4 potions of berserk rage
 d - 11 potions of curing
 j - 3 potions of heal wounds
 l - a potion of cancellation
 n - 5 potions of ambrosia
 z - 2 potions of attraction
 A - 4 potions of flight
 D - a potion of might
 E - 6 potions of haste
 I - a potion of magic
 Q - a potion of invisibility
 U - 4 potions of mutation
Miscellaneous
 F - a lightning rod (4/4)


   Skills:
 + Level 13.0(18.0) Fighting
 - Level 20.0(25.0) Axes
 + Level 4.1(9.1) Throwing
 + Level 11.4(16.4) Armour
 - Level 8.6(13.6) Dodging
 + Level 12.8(17.8) Shields
 - Level 16.0 Invocations
 + Level 4.8 Evocations


You had 15 spell levels left.
You didn't know any spells.
Your spell library contained the following spells:

 Spells                   Type           Power      Damage    Failure   Level
 Freeze                   Ice            0%         1d3       98%         1
 Magic Dart               Conj           0%         1d3       98%         1
 Sandblast                Erth           0%         2d4       98%         1
 Blink                    Tloc           0%         N/A       99%         2
 Ensorcelled Hibernation  Hex/Ice        0%         N/A       99%         2
 Passwall                 Tmut/Erth      0%         N/A       99%         2
 Frozen Ramparts          Ice            0%         1d2       100%        3
 Gell's Gravitas          Tloc           0%         N/A       100%        3
 Ignite Poison            Fire/Tmut/Pois 0%         N/A       100%        3
 Lesser Beckoning         Tloc           0%         N/A       100%        3
 Mephitic Cloud           Conj/Pois/Air  0%         N/A       100%        3
 Spider Form              Tmut/Pois      0%         N/A       100%        3
 Stone Arrow              Conj/Erth      0%         3d7       100%        3
 Teleport Other           Tloc           0%         N/A       100%        3
 Airstrike                Air            0%         N/A       100%        4
 Anguish                  Hex/Necr       0%         N/A       100%        4
 Hailstorm                Conj/Ice       0%         3d3       100%        4
 Fireball                 Conj/Fire      0%         3d3       100%        5
 Freezing Cloud           Conj/Ice/Air   0%         6-21      100%        5
 Lightning Bolt           Conj/Air       0%         1d11      100%        5
 Manifold Assault         Tloc           0%         N/A       100%        5
 Dispersal                Tloc           0%         N/A       100%        6
 Eringya's Noxious Bog    Tmut/Pois      0%         N/A       100%        6
 Starburst                Conj/Fire      0%         6d3       100%        6
 Storm Form               Tmut/Air       0%         N/A       100%        7
 Disjunction              Tloc           0%         N/A       100%        8
 Ignition                 Fire           0%         3d3       100%        8
 Call Imp                 Summ           Unusable   N/A       N/A         2
 Summon Lightning Spire   Summ/Air       Unusable   N/A       N/A         4
 Summon Forest            Summ/Tloc      Unusable   N/A       N/A         5
 Malign Gateway           Summ/Tloc      Unusable   N/A       N/A         7
 Summon Hydra             Summ           Unusable   N/A       N/A         7
 Summon Horrible Things   Summ           Unusable   N/A       N/A         8

Dungeon Overview and Level Annotations

Branches:
Dungeon (15/15)            Temple (1/1) D:7            Lair (6/6) D:11
 Shoals (1/4) Lair:2       Spider (0/4) Lair:2        Slime (0/5) Lair:5
    Orc (2/2) D:12            Elf (0/3) Orc:2        Vaults (0/5) D:13
 Depths (0/4) D:15          IceCv (visited)

Altars:
Ashenzari
Cheibriados
Dithmenos
Elyvilon
Fedhas
Gozag
Hepliaklqana
Kikubaaqudgha
Makhleb
Nemelex Xobeh
Okawaru
Qazlal
Ru
Sif Muna
Trog
Uskayaw
Vehumet
Wu Jian
Xom
Yredelemnul
Zin
The Shining One
Beogh
Lugonu

Shops:
D:1 *=   D:2 ?   D:6 (   D:14 :   Orc:1 =   Orc:2 ?(*:

Portals:
Abyss: Lair:6
Trove: D:10 (give 16 potions of curing)


Innate Abilities, Weirdness & Mutations

Your body sometimes deteriorates upon taking damage.
You are dopey. (Int -2)
You are occasionally teleported next to monsters.


Message History

Aim: a manticore (78% to hit)
You throw a boomerang. The boomerang hits the manticore!!
The manticore is heavily wounded.
Throw: 3 boomerangs
Press: ? - help, Q - select action, (/) - cycle Shift-Dir - straight line, f/p - manticore
Aim: a manticore (water, heavily wounded, 78% to hit)
You throw a boomerang. The boomerang hits the manticore.
The manticore is heavily wounded.
Throw: 3 boomerangs
Press: ? - help, Q - select action, (/) - cycle Shift-Dir - straight line, f/p - manticore
Aim: a manticore (water, heavily wounded, 78% to hit)
You throw a boomerang. The boomerang hits the manticore!
The manticore is almost dead.
Throw: 3 boomerangs
Press: ? - help, Q - select action, (/) - cycle Shift-Dir - straight line, f/p - manticore
Aim: a manticore (almost dead, 78% to hit)
You throw a boomerang.
The boomerang barely misses the manticore.
You carefully extract the barbed spikes from your body.
The manticore flicks its tail.
The volley of spikes hits you!
The barbed spikes become lodged in your body.
* * * LOW HITPOINT WARNING * * *
Throw: 3 boomerangs
Press: ? - help, Q - select action, (/) - cycle Shift-Dir - straight line, f/p - manticore
Aim: a manticore (almost dead, 78% to hit)
You throw a boomerang.
The boomerang hits the manticore but does no damage.
The manticore is almost dead.
The manticore flicks its tail.
The volley of spikes hits you but does no damage.
Throw: 3 boomerangs
Press: ? - help, Q - select action, (/) - cycle Shift-Dir - straight line, f/p - manticore
Aim: a manticore (almost dead, 78% to hit)
You throw a boomerang.
The boomerang barely misses the manticore.
The manticore flicks its tail.
The volley of spikes hits you!
The barbed spikes become lodged in your body.
You die...

≈≈≈≈≈≈≈≈≈≈≈≈≈≈≈≈≈≈≈≈≈≈≈≈≈
≈≈≈≈≈≈≈≈≈≈≈≈≈≈≈≈†≈≈≈≈≈≈≈≈
≈≈≈≈≈≈≈≈≈≈≈≈≈≈≈≈≈≈≈≈≈≈≈≈≈
≈≈≈≈≈≈≈≈≈≈≈≈≈≈≈≈≈†≈≈≈≈≈≈≈
.≈≈≈≈≈≈≈≈≈≈≈≈≈≈≈≈≈≈≈≈≈≈≈≈
.≈≈≈≈≈≈≈≈≈≈≈≈≈≈≈≈≈≈≈≈≈≈≈≈
.≈≈≈≈≈≈≈≈≈≈≈≈≈≈≈≈≈≈≈≈≈≈≈≈
.≈≈≈≈≈H≈≈≈≈≈≈≈≈≈≈≈≈≈≈≈≈≈≈
.≈≈≈≈≈≈≈@≈≈≈≈≈≈≈≈..≈≈≈≈≈≈
≈$≈≈≈≈≈≈≈≈≈≈≈≈≈≈...≈≈≈≈≈≈
≈≈≈≈≈≈....≈≈≈≈≈≈.##≈≈≈≈≈.
≈≈≈≈≈≈.##.≈≈≈≈≈.##....≈≈≈
≈≈≈≈≈.. #..≈≈≈≈≈......≈≈≈
≈≈≈≈≈≈. #..≈≈≈≈≈...)...≈≈
≈≈≈≈≈≈. ..≈≈≈≈≈....))..≈≈
≈≈≈≈≈ .≈≈.....≈......≈≈
....#.....≈≈..≈≈≈


You could see a manticore.

Vanquished Creatures
  Frances (Arena)
  The ghost of Zemnit the Fighter, an adept OgFi of Lugonu (D:15)
  A reaper (IceCv)
  A minotaur (D:15)
  The ghost of magipi the Spear-Bearer, a journeyman GnCA of Ignis (D:10)
  A vault guard (D:13)
  2 ogre magi (D:15)
  A catoblepas (D:14)
  5 boulder beetles
  6 centaur warriors
  A merfolk avatar (Shoals:1)
  11 hydras
  11 two-headed ogres
  12 death yaks
  A vampire mage (D:15)
  Urug (Lair:3)
  3 thrashing horrors (Lair:6)
  An orc high priest (Orc:2)
  Sonja (Lair:5)
  Nergalle (Lair:1)
  2 skeletal warriors (D:15)
  A storm dragon skeleton (D:15)
  A sea snake (Shoals:1)
  A steelbarb worm (shapeshifter) (D:13)
  An orb spider (Lair:2)
  Pikel (D:7)
  A wolf spider (D:15)
  A deep elf pyromancer (D:13)
  A necromancer (D:15)
  2 orc knights
  An iron dragon zombie (D:15)
  3 manticores
  6 orc sorcerers
  3 fauns (Shoals:1)
  A salamander (shapeshifter) (D:14)
  5 cyclopes
  12 ugly things
  2 ice statues (IceCv)
  A merfolk siren (Lair:2)
  7 black mambas
  2 water nymphs (Shoals:1)
  A gargoyle (D:12)
  Maggie (D:6)
  15 cane toads
  A torpor snail (Lair:5)
  A smoke demon (Lair:6)
  An unseen horror (D:12)
  A kobold demonologist (D:13)
  5 rime drakes
  A yaktaur (D:15)
  An efreet (D:15)
  2 yaktaurs (shapeshifter) (D:15)
  6 ice devils (IceCv)
  4 anaconda simulacra (IceCv)
  7 komodo dragons
  An ancient zyme (Lair:6)
  An entropy weaver simulacrum (IceCv)
  5 trolls
  A polar bear (Lair:5)
  5 merfolk
  3 meliai (D:15)
  A hornet (D:8)
  A wind drake (Shoals:1)
  A polar bear (shapeshifter) (Lair:6)
  The ghost of Athor the Scratcher, a novice FeTm of Sif Muna (D:5)
  15 blink frogs
  20 slime creatures
  A blink frog (shapeshifter) (D:15)
  A snapping turtle (Shoals:1)
  11 dream sheep
  A spriggan zombie (D:15)
  Grinder (D:3)
  2 large abominations (Lair:6)
  5 shadows
  A spriggan (Lair:6)
  A spriggan skeleton (D:15)
  2 dire elephant simulacra (IceCv)
  Sigmund (D:2)
  5 wyverns
  41 yaks
  A vampire (D:12)
  3 ynoxinuls (Lair:6)
  2 wraiths (D:12)
  12 basilisks
  A hog (shapeshifter) (Lair:6)
  2 steam dragons
  A chaos spawn (Lair:6)
  Menkaure (D:4)
  A death yak simulacrum (IceCv)
  12 vampire mosquitoes
  4 acid dragons
  4 wargs
  3 harpy simulacra (IceCv)
  Duvessa (D:4)
  20 water moccasins
  An ice beast (D:8)
  4 black bears
  22 orc warriors
  2 sky beasts
  8 ogres
  2 centaurs
  4 wolves (Lair:5)
  4 kobold brigands
  9 small abominations (Lair:6)
  4 gnoll sergeants
  18 bullfrogs
  5 scorpions
  8 wights
  Dowan (D:4)
  A killer bee (D:11)
  An elephant simulacrum (IceCv)
  8 howler monkeys
  3 jellies
  A hound (D:6)
  Crazy Yiuf (D:4)
  A gnoll shaman (D:5)
  25 orc priests
  26 orc wizards
  2 iguanas
  A spriggan simulacrum (IceCv)
  10 adders
  21 gnolls
  A naga simulacrum (IceCv)
  A shadow imp (D:6)
  6 white imps
  4 ufetubi
  A worm (D:3)
  A dart slug (D:1)
  63 orcs
  2 bats
  6 endoplasms
  5 giant cockroaches
  6 goblins
  5 hobgoblins
  5 quokkas
  7 ball pythons
  12 frilled lizards
  33 kobolds
  7 rats
719 creatures vanquished.

Vanquished Creatures (others)
  An orc wizard (Orc:2)
  34 fungi
  53 plants
  5 withered plants (D:15)
93 creatures vanquished.

Grand Total: 812 creatures vanquished

Notes
Turn   | Place    | Note
-------+----------+-------------------------------------------
     0 | D:1      | Crownlay the Hill Orc Fighter began the quest for the Orb.
     0 | D:1      | Reached XP level 1. HP: 19/19 MP: 1/1
    46 | D:1      | Reached skill level 3 in Axes
   167 | D:1      | Reached XP level 2. HP: 26/26 MP: 2/2
   520 | D:1      | Reached skill level 4 in Axes
   634 | D:1      | Found Peidi's General Store.
   638 | D:1      | Reached XP level 3. HP: 30/33 MP: 3/3
   782 | D:1      | Found a faded altar of an unknown god.
   866 | D:1      | Found Feacvas's One-of-a-Kind Rings.
  1247 | D:2      | Found the +18 Lear's hauberk
  1380 | D:2      | Noticed Sigmund
  1382 | D:2      | Gained mutation: You are dopey. (Int -2) [potion of
                  | mutation]
  1382 | D:2      | Gained mutation: You are occasionally teleported next to
                  | monsters. [potion of mutation]
  1382 | D:2      | Gained mutation: Your body sometimes deteriorates upon
                  | taking damage. [potion of mutation]
  1403 | D:2      | Killed Sigmund
  1404 | D:2      | Reached skill level 5 in Axes
  1404 | D:2      | Reached skill level 1 in Dodging
  1404 | D:2      | Reached XP level 4. HP: 13/41 MP: 4/4
  1404 | D:2      | Reached XP level 5. HP: 15/47 MP: 5/5
  1743 | D:2      | Found Curchiru's Magic Scroll Boutique.
  2417 | D:3      | Reached XP level 6. HP: 53/53 MP: 6/6
  2840 | D:3      | Noticed Grinder
  2859 | D:3      | Paralysed by Grinder for 3 turns
  2864 | D:3      | Killed Grinder
  2865 | D:3      | Reached skill level 6 in Axes
  2865 | D:3      | Reached XP level 7. HP: 44/60 MP: 7/7
  3059 | D:4      | Noticed Dowan
  3060 | D:4      | Noticed Duvessa
  3073 | D:4      | Killed Dowan
  3075 | D:4      | Killed Duvessa
  3076 | D:4      | Reached skill level 5 in Fighting
  3076 | D:4      | Reached skill level 7 in Axes
  3094 | D:4      | Noticed Menkaure
  3102 | D:4      | Killed Menkaure
  3125 | D:4      | Reached skill level 5 in Armour
  3125 | D:4      | Reached skill level 5 in Shields
  3352 | D:4      | Found a runed translucent door.
  3353 | D:4      | Noticed Crazy Yiuf
  3656 | D:4      | Found a blossoming altar of Fedhas.
  3686 | D:4      | Found a hazy altar of Hepliaklqana.
  3820 | D:4      | Killed Crazy Yiuf
  3821 | D:4      | Reached XP level 8. HP: 68/68 MP: 8/8
  3850 | D:5      | Entered Level 5 of the Dungeon
  3928 | D:5      | Reached skill level 8 in Axes
  4156 | D:5      | Found Owu Pisk's Fire Supplies.
  4394 | D:5      | Found a runed translucent gate.
  4394 | D:5      | Found a runed translucent gate.
  4394 | D:5      | Found a runed translucent gate.
  4396 | D:5      | Found an opulent altar of Gozag.
  4398 | D:5      | Noticed Athor's ghost (novice FeTm)
  4935 | D:1      | Bought a scroll of identify for 20 gold pieces
  4935 | D:1      | Bought a scroll of fear for 35 gold pieces
  4935 | D:1      | Bought a potion of ambrosia for 80 gold pieces
  4935 | D:1      | Bought a scroll of fog for 20 gold pieces
  5000 | D:2      | Bought a scroll of identify for 28 gold pieces
  5125 | D:6      | Reached skill level 9 in Axes
  5156 | D:6      | Noticed Maggie
  5185 | D:6      | Killed Maggie
  5209 | D:6      | Reached skill level 10 in Axes
  5209 | D:6      | Reached XP level 9. HP: 74/74 MP: 9/9
  5580 | D:6      | Identified a scroll of acquirement
  5629 | D:6      | Acquired a +3 vorpal broad axe
  5679 | D:6      | Found Ephenog's Weapon Shop.
  6323 | D:7      | Reached skill level 11 in Axes
  6582 | D:7      | Identified the +7 fustibalus of the Silent Majority {venom,
                  | rElec Str+3 Int+3}
  6668 | D:7      | Noticed Pikel
  6681 | D:7      | Killed Pikel
  6682 | D:7      | Reached skill level 12 in Axes
  6935 | D:7      | Reached XP level 10. HP: 84/84 MP: 10/10
  6953 | D:7      | Found a staircase to the Ecumenical Temple.
  7127 | Temple   | Entered the Ecumenical Temple
  7158 | Temple   | Became a worshipper of Warmaster Okawaru
  7222 | D:8      | Reached skill level 5 in Dodging
  7427 | D:8      | Paralysed by a hornet for 3 turns
  7798 | D:8      | Reached * piety under Okawaru
  7799 | D:8      | Reached skill level 1 in Invocations
  8325 | D:9      | Found an ornate altar of the Wu Jian Council.
  8530 | D:9      | Found a sacrificial altar of Ru.
  8644 | D:9      | Reached skill level 13 in Axes
  8673 | D:9      | Found an ancient bone altar of Kikubaaqudgha.
  9007 | D:9      | Reached ** piety under Okawaru
  9289 | D:10     | Entered Level 10 of the Dungeon
  9289 | D:10     | Noticed a two-headed ogre
  9295 | D:10     | Killed a two-headed ogre
  9314 | D:10     | Found a transporter.
  9315 | D:10     | Noticed magipi's ghost (journeyman GnCA)
  9316 | D:10     | Noticed a two-headed ogre
  9317 | D:10     | Identified the +6 giant club of the Beginning {drain, rN+
                  | Str+2 Dex+7}
  9317 | D:10     | Noticed a two-headed ogre
  9318 | D:10     | Noticed a two-headed ogre
  9323 | D:10     | Noticed a two-headed ogre
  9328 | D:10     | Killed a two-headed ogre
  9329 | D:10     | Reached skill level 5 in Invocations
  9329 | D:10     | Reached XP level 11. HP: 91/92 MP: 14/14
  9441 | D:10     | Noticed a two-headed ogre
  9450 | D:10     | Killed a two-headed ogre
  9450 | D:10     | Reached *** piety under Okawaru
  9615 | D:10     | Found a portal to a secret trove of treasure.
  9764 | D:10     | Reached skill level 14 in Axes
  9952 | D:10     | Found a sparkling altar of Nemelex Xobeh.
 10002 | D:10     | Found a transporter.
 10150 | D:5      | Killed Athor's ghost
 10150 | D:5      | Received a gift from Okawaru
 10405 | D:1      | Bought a potion of magic for 80 gold pieces
 10469 | D:2      | Bought 3 scrolls of teleportation for 126 gold pieces
 10469 | D:2      | Bought a scroll of enchant weapon for 105 gold pieces
 10469 | D:2      | Bought a scroll of identify for 28 gold pieces
 10618 | D:11     | Identified the +2 cloak "Kasung" {rF+ Str+5}
 11114 | D:11     | Reached **** piety under Okawaru
 11296 | D:11     | Found a staircase to the Lair.
 11886 | D:12     | Found Jaallu's Jewellery Emporium.
 12209 | D:12     | Noticed a cyclops
 12217 | D:12     | Killed a cyclops
 12218 | D:12     | Noticed a two-headed ogre
 12219 | D:12     | Reached ***** piety under Okawaru
 12226 | D:12     | Noticed a boulder beetle
 12233 | D:12     | Killed a two-headed ogre
 12234 | D:12     | Reached XP level 12. HP: 78/103 MP: 16/18
 12240 | D:12     | Reached skill level 15 in Axes
 12244 | D:12     | Killed a boulder beetle
 12249 | D:12     | HP: 2/103 [something (27)]
 12293 | D:12     | Identified the +0 pair of gloves "Osseywu" {MP+9} (Okawaru
                  | gifted it to you on level 12 of the Dungeon)
 12293 | D:12     | Received a gift from Okawaru
 12721 | D:12     | Found a staircase to the Orcish Mines.
 12842 | D:12     | Noticed an eight-headed hydra
 12850 | D:12     | Killed a four-headed hydra
 13029 | D:12     | Identified the +1 chain mail of Red the Good {rElec rC- rN+
                  | Int+5}
 14147 | D:13     | Reached skill level 10 in Invocations
 14447 | D:13     | Reached skill level 16 in Axes
 14447 | D:13     | Reached skill level 10 in Shields
 15087 | D:13     | Noticed a vault guard
 15092 | D:13     | Reached XP level 13. HP: 103/111 MP: 17/20
 15109 | D:13     | Killed a vault guard
 15241 | D:13     | Found a gate to the Vaults.
 15247 | D:13     | Received a gift from Okawaru
 15610 | Lair:1   | Entered Level 1 of the Lair of Beasts
 16088 | Lair:1   | Noticed Nergalle
 16105 | Lair:1   | Killed Nergalle
 16409 | Lair:1   | Reached skill level 10 in Fighting
 16642 | Lair:2   | Found a staircase to the Shoals.
 16802 | Lair:2   | Received a gift from Okawaru
 17082 | Lair:2   | You fall into a shaft and drop 2 floors!
 17301 | Lair:4   | Reached skill level 17 in Axes
 17896 | Lair:3   | Reached ****** piety under Okawaru
 18053 | Lair:2   | Found a hole to the Spider Nest.
 18310 | Lair:2   | Identified the +1 ring mail of Darkness {rPois Will+}
                  | (Okawaru gifted it to you on level 2 of the Lair of Beasts)
 18310 | Lair:2   | Received a gift from Okawaru
 18725 | Lair:3   | Reached XP level 14. HP: 102/122 MP: 23/23
 18828 | Lair:3   | Noticed Urug
 18843 | Lair:3   | Killed Urug
 19667 | Lair:5   | Noticed Sonja
 19670 | Lair:5   | Found an ornate altar of the Wu Jian Council.
 19670 | Lair:5   | Found a hide-covered altar of Uskayaw.
 19846 | Lair:5   | Found a staircase to the Slime Pits.
 20160 | Lair:5   | Killed Sonja
 20161 | Lair:5   | Reached skill level 18 in Axes
 20379 | Lair:5   | Found a stormy altar of Qazlal.
 20434 | Lair:5   | Received a gift from Okawaru
 21139 | Lair:6   | Entered Level 6 of the Lair of Beasts
 21256 | Lair:6   | Received a gift from Okawaru
 21865 | Lair:6   | Reached skill level 10 in Armour
 21882 | Lair:6   | Reached XP level 15. HP: 130/130 MP: 25/25
 22355 | Lair:6   | Reached skill level 1 in Evocations
 22638 | Lair:6   | Reached skill level 19 in Axes
 22641 | Lair:6   | Found a corrupted altar of Lugonu.
 22641 | Lair:6   | Found a one-way gate to the infinite horrors of the Abyss.
 23262 | Orc:1    | Entered Level 1 of the Orcish Mines
 23380 | Orc:1    | Found a roughly hewn altar of Beogh.
 23744 | Orc:2    | Entered Level 2 of the Orcish Mines
 23744 | Orc:2    | Found a frozen archway.
 23751 | IceCv    | Entered an ice cave
 24434 | IceCv    | Reached skill level 1 in Throwing
 24438 | IceCv    | Received a gift from Okawaru
 24571 | IceCv    | Reached skill level 15 in Invocations
 25660 | Orc:2    | Found a staircase to the Elven Halls.
 25715 | Orc:2    | Found Fecucong's Weapon Shoppe.
 25715 | Orc:2    | Found Catri's Magic Scroll Shoppe.
 25716 | Orc:2    | Found Guneduot's Assorted Antiques.
 25720 | Orc:2    | Found Etoc Tac's Book Emporium.
 25725 | Orc:2    | Bought a potion of curing for 108 gold pieces
 25725 | Orc:2    | Bought a scroll of enchant weapon for 270 gold pieces
 25726 | Orc:2    | Bought a scroll of torment for 120 gold pieces
 25726 | Orc:2    | Bought a scroll of summoning for 152 gold pieces
 25726 | Orc:2    | Bought a scroll of blinking for 120 gold pieces
 26203 | Orc:1    | Found Izifuhij's Jewellery Emporium.
 26524 | D:14     | Received a gift from Okawaru
 26865 | D:14     | Found Urroitab's Book Emporium.
 27374 | D:15     | Entered Level 15 of the Dungeon
 27397 | D:15     | Received a gift from Okawaru
 27696 | D:15     | Found a runed translucent gate.
 27697 | D:15     | Found a runed translucent gate.
 27697 | D:15     | Found a runed translucent gate.
 27698 | D:15     | Noticed Zemnit's ghost (adept OgFi)
 27810 | D:15     | Identified the +2 shortbow of the Histrionic God {venom,
                  | *Corrode rN+ Dex+4}
 28036 | D:15     | Reached XP level 16. HP: 134/141 MP: 20/27
 28236 | D:15     | Found a staircase to the Depths.
 28257 | D:15     | Received a gift from Okawaru
 28651 | D:15     | Reached skill level 20 in Axes
 29194 | D:10     | Killed magipi's ghost
 29506 | Shoals:1 | Entered Level 1 of the Shoals
 29953 | D:15     | Killed Zemnit's ghost
 30542 | Shoals:1 | Received a gift from Okawaru
 30627 | Shoals:1 | Noticed Frances
 30633 | Arena    | Entered the Arena
 30641 | Arena    | Killed Frances
 30688 | Shoals:1 | Received a gift from Okawaru
 30772 | Shoals:1 | Killed from afar by a manticore

Illustrated notes

Levels and vault maps discovered:
D:1:      onia_arrival_pyramid, layout_basic, serial_shops, shop,
          shapermc_ecumenical_altar_pompeii, nicolae_shop_unique_rings
D:2:      layout_loops_corners, serial_shops, shop_statue, minmay_lizard_pond,
          uniq_sigmund
D:3:      layout_rooms, uniq_grinder
D:4:      layout_cave_pools, mainiacjoe_overflow_two_lobes, uniq_duvessa,
          uniq_menkaure, uniq_crazy_yiuf_cottage
D:5:      layout_gridville, ebering_ghost_gozag, nicolae_shop_fire_sale
          [nicolae_sub_dead_trees], water_maze_lemuel
D:6:      layout_gridville, serial_shops, nicolae_shop_stone, uniq_maggie
D:7:      layout_basic, minmay_temple_entry_poolview, dk_noncrumbling_2,
          uniq_pikel
D:8:      layout_cave_pools
D:9:      layout_basic, general_overflow_altar, nicolae_ru_awakened_eye,
          amcnicky_altar_gilded
D:10:     layout_basic, nemelex_diamond_rough_becter, gammafunk_ghost_smash,
          nicolae_trove_entry_crystal
D:11:     layout_grid_maze, due_lair_maze_entry_diamond, serial_rivers,
          chequers_serial_rivers_micro_c, chequers_serial_rivers_micro_e,
          chequers_serial_rivers_small_a, chequers_serial_rivers_small_b,
          chequers_serial_rivers_marsh
D:12:     layout_cave_pods, minmay_orc_entry_guard_dogs, serial_shops,
          nicolae_shop_hallway_stairs, minmay_alternating_orb
D:13:     layout_basic, david_vaults_4
D:14:     layout_roguey [special_room_orc], minmay_misc_feat_columns,
          serial_shops, shop
D:15:     gammafunk_depths_entry_grave, layout_stronghold,
          maelrawn_ghost_gauntlet_escape, st_stairs_10, minivault_19,
          minmay_fractal_squares_gapless_7
Temple:   lightli_temple_of_artemis
Lair:1:   layout_roguey, nicolae_quartered_pool_impasse, st_stairs_9,
          uniq_nergalle
Lair:2:   layout_hall_layers, elwin_shoals_entry_stream,
          nicolae_spider_entry_orb_guardian, serial_bayou_shore_a,
          grunt_megastairs_2, lemuel_fruit_fields
Lair:3:   layout_roguey, grunt_megastairs_4, uniq_urug
Lair:4:   layout_cave_shapes, serial_bayou_pond_d
Lair:5:   beast_lair_carwin_large_1, layout_long_grid,
          minmay_slime_entry_pillars, basic_altar,
          nzn_masters_of_martial_movement, grunt_megastairs_3, uniq_sonja
Lair:6:   hellmonk_lair_end_abyssal_woods, layout_hall_layers
Shoals:1: layout_shoals, lemuel_centaur_altar, uniq_frances
Orc:1:    layout_caves, serial_shops, nicolae_shop_stone, basic_altar,
          mines2_lemuel
Orc:2:    st_orc_mages, layout_caves, portal_ice_cave_entry_pillars_2

Skill      XL: |  1  2  3  4  5  6  7  8  9 10 11 12 13 14 15 16 |
---------------+-------------------------------------------------+-----
Axes           | 3 4 5 6 7 10 12 13 14 16 17 18 19 20 | 20.0
Fighting       | 4 5 6 7 8 9 10 11 12 13 | 13.0
Armour         | 4 5 6 8 9 10 11 | 11.4
Dodging        | 1 2 3 4 5 6 7 8 |  8.6
Shields        | 4 5 6 7 8 9 10 11 12 | 12.8
Invocations    | 5 8 10 12 14 15 16 | 16.0
Evocations     | 3 4 |  4.8
Throwing       | 2 4 |  4.1

Action                   |  1- 3 |  4- 6 |  7- 9 | 10-12 | 13-15 | 16-18 || total
-------------------------+-------+-------+-------+-------+-------+-------++-------
Melee: War axe           |    78 |   111 |   201 |     5 |    53 |    23 ||   471
       Broad axe         |       |       |   112 |   434 |   891 |   168 ||  1605
Throw: Throwing net      |       |       |     1 |       |       |       ||     1
       Boomerang         |       |       |       |       |       |    10 ||    10
       Javelin           |       |       |       |       |       |     1 ||     1
Invok: Heroism           |       |       |       |     5 |    20 |     8 ||    33
       Finesse           |       |       |       |       |     5 |     1 ||     6
       Duel              |       |       |       |       |       |     1 ||     1
Evoke: Wand              |       |       |       |     1 |     2 |       ||     3
       Lightning rod     |       |       |       |       |     1 |       ||     1
  Use: Potion            |     3 |       |     2 |     5 |     2 |       ||    12
       Scroll            |       |     3 |     8 |    10 |     9 |       ||    30
 Stab: Held in net/web   |       |       |     1 |       |       |       ||     1
       Paralysed         |       |       |       |       |     1 |       ||     1
Armor: Scale mail        |    22 |       |       |       |       |       ||    22
       Chain mail        |    24 |    86 |   228 |   260 |   395 |       ||   993
       Plate armour      |       |       |       |       |    47 |    86 ||   133
Dodge: Dodged            |    27 |    41 |   154 |   184 |   340 |    46 ||   792
Block: Buckler           |    14 |    21 |    77 |   126 |    36 |       ||   274
       Kite shield       |       |       |       |       |   332 |    82 ||   414

Table legend: (Time is in decaauts)
 A = Elapsed time spent in this place.
 B = Non-inter-level travel time spent in this place.
 C = Inter-level travel time spent in this place.
 D = Time resting spent in this place.
 E = Time spent auto-exploring this place.
 F = Levels seen in this place.
 G = Mean time per level.
                   A        B        C        D        E       F      G
               +--------+--------+--------+--------+--------+-----+--------+
         Total |  30642 |  28209 |   2433 |   1760 |  22062 |  27 | 1134.9 |
       Dungeon |  19288 |  17444 |   1844 |    810 |  14063 |  15 | 1285.9 |
        Temple |     56 |     32 |     24 |      0 |      2 |   1 |   56.0 |
          Lair |   7606 |   7195 |    411 |     57 |   6127 |   6 | 1267.7 |
        Shoals |    635 |    618 |     17 |     64 |    403 |   1 |  635.0 |
  Orcish Mines |   1958 |   1822 |    136 |    233 |   1254 |   2 |  979.0 |
      Ice Cave |   1069 |   1069 |      0 |    579 |    212 |   1 | 1069.0 |
         Arena |     26 |     26 |      0 |     17 |      0 |   1 |   26.0 |
               +--------+--------+--------+--------+--------+-----+--------+

Top non-repeatable levels by time:
    D:12: 2116 daAuts
  Lair:6: 1926 daAuts
    D:15: 1884 daAuts
    D:11: 1701 daAuts
    D:13: 1601 daAuts
  Lair:5: 1475 daAuts
     D:5: 1376 daAuts
     D:1: 1336 daAuts
     D:9: 1306 daAuts
     D:2: 1289 daAuts
     D:6: 1265 daAuts
  Lair:2: 1231 daAuts
   Orc:1: 1102 daAuts
   IceCv: 1069 daAuts
    D:14: 1064 daAuts
